 Dungeon Crawl Stone Soup version 0.27.1-33-g824d729ab1 (console) character file.

Game seed: 13598611127763530067

23275 Banquo the Cleaver (level 13, -38/139 HPs)
             Began as a Djinni Berserker on Dec 28, 2021.
             Was a High Priest of Trog.
             Killed from afar by Jorgrun (52 damage)
             ... with an iron shot
             ... on level 12 of the Dungeon.
             The game lasted 00:55:27 (11849 turns).

Banquo the Cleaver (Djinni Berserker)              Turns: 11849, Time: 00:55:28

Health: -38/139    AC: 23    Str: 22    XL:     13   Next: 34%
Gold:   1441       EV:  6    Int: 13    God:    Trog [*****.] SH:  0 Dex: 14

rFire    + + .     SeeInvis .   a - +5 battleaxe (freeze)
rCold    x . .     Faith    .   (shield currently unavailable)
rNeg     . . .     Spirit   .   d - +0 plate armour
rPois    ∞         Reflect  .   h - +1 helmet
rElec    .         Harm     .   e - +0 cloak
rCorr    .         Rampage  .   g - +0 pair of gloves
Will     +....                  (boots unavailable)
Stlth    ..........             D - amulet of regeneration
HPRegen  1.33/turn              Q - +4 ring of protection
MPRegen  0.00/turn              o - +6 ring of strength

@: berserking (expiring), grasped by roots, flying, constricted, very quick
A: sickness immunity, fire resistance 2, cold vulnerability 1, float, innate
caster, hp casting, extra vitality 1
a: Renounce Religion, Berserk, Trog's Hand, Brothers in Arms


You were on level 12 of the Dungeon.
You worshipped Trog.
Trog was extremely pleased with you.
You visited 1 branch of the dungeon, and saw 13 of its levels.
You also visited: Ossuary and Bailey.

You collected 1441 gold pieces.

Inventory:

Hand Weapons
 a - a +5 battleaxe of freezing (weapon)
 b - a +0 battleaxe of flaming
 i - a +2 shortbow of flaming
 l - a +0 antimagic halberd
 m - a +3 great mace
 n - a +4 battleaxe
 O - a +2 spear of freezing
Missiles
 j - 242 stones (quivered)
 t - 74 poisoned darts
 y - 51 boomerangs
Armour
 d - a +0 plate armour (worn)
 e - a +0 cloak (worn)
 g - a +0 pair of gloves (worn)
 h - a +1 helmet (worn)
 q - a +0 cloak
 r - a +0 buckler
Magical Staves
 k - a staff of conjuration
Jewellery
 o - a +6 ring of strength (right hand)
 D - an amulet of regeneration (around neck)
 Q - a +4 ring of protection (left hand)
Wands
 f - a wand of digging (3)
 p - a wand of mindburst (13)
 u - a wand of acid (5)
 v - a wand of paralysis (4)
 x - a wand of polymorph (9)
 M - a wand of flame (33)
Scrolls
 c - 5 scrolls of teleportation
 z - 4 scrolls of magic mapping
 I - 2 scrolls of fog
 N - a scroll of summoning
Potions
 C - 3 potions of might
 E - 5 potions of curing
 G - 3 potions of invisibility
 H - 2 potions of haste
 K - 2 potions of berserk rage
 Y - a potion of resistance


   Skills:
 * Level 8.6 Fighting
 * Level 14.2 Axes
 * Level 8.5 Armour
 * Level 6.9 Dodging


You couldn't memorise any spells.
You knew the following spells:

 Your Spells              Type           Power      Damage    Failure   Level
a - Animate Skeleton      Necr           0%         N/A       99%         1
b - Slow                  Hex            0%         N/A       100%        2
c - Lesser Beckoning      Tloc           0%         N/A       100%        3
d - Fulminant Prism       Conj/Hex       0%         3d6       100%        4
e - Blade Hands           Tmut           0%         N/A       100%        5
f - Metabolic Englaciati  Hex/Ice        0%         N/A       100%        5
Your spell library was empty.


Dungeon Overview and Level Annotations

Branches:
Dungeon (13/15)            Temple (0/1) D:6            Lair (0/6) D:11
Ossuary (visited)          Bailey (visited)
    Orc: D:9-12      Vaults: D:13-14

Altars:
Dithmenos
Zin

Annotations:
D:7 3 runed translucent doors, Terracrafty's ghost, novice PaFi
D:12 Jorgrun
D:13 Frances


Innate Abilities, Weirdness & Mutations

You are immune to sickness and miasma.
You are immune to poison.
Your flesh is very heat resistant. (rF++)
You are vulnerable to cold. (rC-)
You float through the air rather than walking.
You learn spells naturally, not from books.
Your magical power is your life essence.
You have superior vitality. (+4 HP)


Message History

You escape the roots' grasp.
Jorgrun hits you with a staff of earth!
A red film seems to cover your vision as you go berserk!
You feel yourself moving faster!
You feel mighty!
Jorgrun points at you and mumbles some strange words.
The iron shot hits you!!!
You closely miss Jorgrun. Jorgrun hits you but does no damage.
You miss Jorgrun. Jorgrun closely misses you.
You barely miss Jorgrun. You miss Jorgrun.
Jorgrun gestures at you while chanting. The iron shot hits you!
You closely miss Jorgrun. Jorgrun barely misses you.
You slash Jorgrun! You freeze Jorgrun.
Jorgrun is lightly wounded.
You slice Jorgrun!! You freeze Jorgrun!
Jorgrun is heavily wounded.
Jorgrun gestures at you while chanting. The iron shot hits you!
You slice Jorgrun!! You freeze Jorgrun.
Jorgrun is severely wounded.
Jorgrun points at you and mumbles some strange words.
Roots burst forth from the earth!
The grasping roots grab you! The grasping roots constrict you!
* * * LOW HITPOINT WARNING * * *
You barely miss Jorgrun.
Jorgrun is severely wounded.
You slash Jorgrun! You freeze Jorgrun.
Jorgrun is almost dead.
Jorgrun gestures at you while chanting.
The wall shatters!
The blast of rock fragments hits you!!
* * * LOW HITPOINT WARNING * * *
The grasping roots constrict you!
* * * LOW HITPOINT WARNING * * *
You closely miss Jorgrun.
Jorgrun is almost dead.
Jorgrun gestures at you while chanting. The iron shot hits you!!!
You die...

#.## #....
#.# #.##.
#.# #. #.#
#.# #.# #.#
##.######.#
#..@g......
#.####.###.
#. #. #. #.
#. #.


You could see Jorgrun.

Vanquished Creatures
  Josephine (D:13)
  A hydra (D:12)
  A death knight (D:12)
  4 centaur warriors
  A two-headed ogre (D:13)
  An orc knight (Bailey)
  3 ugly things (D:13)
  3 cyclopes
  Maurice (D:13)
  A gargoyle (D:10)
  A kobold demonologist (D:10)
  A komodo dragon (D:6)
  An unseen horror (D:10)
  A troll (D:12)
  8 slime creatures
  Grinder (D:3)
  4 wyverns
  2 shadows
  16 yaks
  6 wraiths
  2 basilisks (D:11)
  4 humans (D:13)
  2 vampire mosquitoes (D:11)
  An acid dragon (D:13)
  7 water moccasins
  5 orc warriors
  A sky beast (D:5)
  An ice beast (D:5)
  2 necrophages
  3 ogres
  5 centaurs
  2 kobold brigands
  A bullfrog (D:7)
  11 scorpions
  A gnoll sergeant (D:5)
  A wyvern zombie (D:8)
  10 wights
  A bullfrog zombie (D:5)
  A human zombie (Ossuary)
  3 hounds
  7 centaur zombies
  5 orc priests
  A bullfrog skeleton (D:4)
  An iguana (D:6)
  Ijyb (D:4)
  10 orc wizards
  7 scorpion zombies (Ossuary)
  Terence (D:3)
  3 mummies (Ossuary)
  2 howler monkey zombies
  13 gnolls
  A howler monkey skeleton (D:6)
  9 adders
  A white imp (D:7)
  An ufetubus (D:5)
  2 worms
  A dart slug (D:3)
  32 orcs
  3 ball pythons
  4 bats
  11 endoplasms
  9 giant cockroaches
  3 gnoll zombies (Ossuary)
  7 goblins
  9 hobgoblins
  4 jackals (D:2)
  19 kobolds
  3 quokkas
  2 frilled lizards (D:1)
  A goblin zombie (Ossuary)
  3 hobgoblin zombies (Ossuary)
  A kobold zombie (Ossuary)
  3 orc zombies (Ossuary)
  4 rats
306 creatures vanquished.

Vanquished Creatures (collateral kills)
  A centaur warrior (D:13)
  An orc knight (D:13)
  2 humans (D:13)
4 creatures vanquished.

Vanquished Creatures (others)
  4 fungi (D:11)
  6 plants (D:11)
10 creatures vanquished.

Grand Total: 320 creatures vanquished

Notes
Turn   | Place    | Note
-------+----------+-------------------------------------------
     0 | D:1      | Banquo the Djinni Berserker began the quest for the Orb.
     0 | D:1      | Reached XP level 1. HP: 20/20 MP: 0/0
   342 | D:1      | Reached XP level 2. HP: 25/25 MP: 0/0
   412 | D:1      | Reached skill level 3 in Axes
   660 | D:1      | Reached XP level 3. HP: 17/30 MP: 0/0
   660 | D:1      | Learned a level 1 spell: Animate Skeleton
   949 | D:1      | Reached ** piety under Trog
  1487 | D:2      | Found a shadowy altar of Dithmenos.
  1494 | D:2      | Reached XP level 4. HP: 33/35 MP: 0/0
  1620 | D:2      | Reached skill level 4 in Axes
  2402 | D:3      | Reached XP level 5. HP: 38/40 MP: 0/0
  2402 | D:3      | Learned a level 2 spell: Slow
  2727 | D:3      | Noticed Grinder
  2745 | D:3      | Killed Grinder
  2746 | D:3      | Reached skill level 5 in Axes
  2746 | D:3      | Reached XP level 6. HP: 46/46 MP: 0/0
  2842 | D:3      | Noticed Terence
  2850 | D:3      | Killed Terence
  2918 | D:3      | Reached *** piety under Trog
  3456 | D:4      | You are sucked into a shaft and drop 2 floors!
  3560 | D:6      | Noticed an orc warrior
  3565 | D:6      | Reached XP level 7. HP: 43/50 MP: 0/0
  3565 | D:6      | Learned a level 3 spell: Lesser Beckoning
  3571 | D:6      | Reached skill level 6 in Axes
  3624 | D:6      | Found a sand-covered staircase.
  3649 | Ossuary  | Entered an ossuary
  4006 | Ossuary  | Reached XP level 8. HP: 56/56 MP: 0/0
  4065 | Ossuary  | Reached skill level 7 in Axes
  4356 | Ossuary  | Reached skill level 8 in Axes
  4514 | D:6      | Found a staircase to the Ecumenical Temple.
  4520 | D:5      | Entered Level 5 of the Dungeon
  4635 | D:5      | Reached **** piety under Trog
  4639 | D:5      | Reached XP level 9. HP: 57/62 MP: 0/0
  4639 | D:5      | Learned a level 4 spell: Fulminant Prism
  5824 | D:5      | Reached skill level 9 in Axes
  5886 | D:4      | Noticed Ijyb
  5890 | D:4      | Killed Ijyb
  6765 | D:6      | Noticed a komodo dragon
  6784 | D:6      | Killed a komodo dragon
  6936 | D:6      | Reached skill level 10 in Axes
  6936 | D:6      | Reached XP level 10. HP: 69/69 MP: 0/0
  7730 | D:7      | Found a runed translucent gate.
  7732 | D:7      | Found a runed translucent gate.
  7732 | D:7      | Found a runed translucent gate.
  7739 | D:7      | Noticed Terracrafty's ghost (novice PaFi)
  8212 | D:8      | Reached ***** piety under Trog
  8213 | D:8      | Reached skill level 5 in Armour
  8260 | D:8      | Reached skill level 5 in Fighting
  8307 | D:8      | Reached skill level 11 in Axes
  8522 | D:8      | Found a glowing silver altar of Zin.
  8998 | D:9      | Received a gift from Trog
  9237 | D:9      | Reached XP level 11. HP: 76/76 MP: 0/0
  9237 | D:9      | Learned a level 5 spell: Blade Hands
  9488 | D:10     | Entered Level 10 of the Dungeon
  9561 | D:10     | Reached skill level 12 in Axes
  9673 | D:10     | Reached skill level 5 in Dodging
  9893 | D:10     | Noticed a centaur warrior
  9906 | D:10     | Killed a centaur warrior
 10139 | D:10     | Noticed a cyclops
 10139 | D:10     | Noticed a cyclops
 10153 | D:10     | Killed a cyclops
 10158 | D:10     | Killed a cyclops
 10468 | D:10     | Reached XP level 12. HP: 78/84 MP: 0/0
 10637 | D:11     | Found a flagged portal.
 10703 | D:11     | Reached skill level 13 in Axes
 10731 | D:11     | Found a staircase to the Lair.
 10747 | Bailey   | Entered a bailey
 10917 | Bailey   | Found a burning altar of Makhleb.
 11085 | D:11     | You are sucked into a shaft and drop 2 floors!
 11097 | D:13     | Received a gift from Trog
 11145 | D:13     | Noticed a centaur warrior
 11159 | D:13     | Noticed Maurice
 11167 | D:13     | Killed a centaur warrior
 11193 | D:13     | Killed Maurice
 11304 | D:13     | Noticed a two-headed ogre
 11304 | D:13     | Noticed a centaur warrior
 11316 | D:13     | Killed a centaur warrior
 11323 | D:13     | Killed a two-headed ogre
 11328 | D:13     | Noticed a centaur warrior
 11339 | D:13     | Killed a centaur warrior
 11342 | D:13     | Noticed a centaur warrior
 11342 | D:13     | HP: 4/86 [orc knight (17)]
 11343 | D:13     | Noticed Frances
 11345 | D:13     | Reached XP level 13. HP: 12/92 MP: 0/0
 11345 | D:13     | Learned a level 5 spell: Metabolic Englaciation
 11399 | D:13     | Noticed Josephine
 11406 | D:13     | Killed Josephine
 11507 | D:13     | Reached skill level 14 in Axes
 11515 | D:13     | Killed a centaur warrior
 11622 | D:12     | Noticed a five-headed hydra
 11633 | D:12     | Killed a two-headed hydra
 11835 | D:12     | Noticed Jorgrun
 11849 | D:12     | Killed from afar by Jorgrun

Illustrated notes

Levels and vault maps discovered:
D:1:      nzn_arrival_water_spiral, layout_rooms
D:2:      layout_rooms, basic_altar
D:3:      minmay_diamond_boxcup, layout_basic, uniq_terence, uniq_grinder
D:4:      layout_basic, minmay_close_crescents, uniq_ijyb
D:5:      minmay_general_purpose_star, layout_basic
D:6:      layout_cave_pools, minmay_temple_entry_crystal_x,
          nicolae_ossuary_entry_plus, serial_park_tiny_pond, patterned_corridor
D:7:      layout_rooms, gammafunk_ghost_necromancy,
          hangedman_abyss_or_decor_stagger, minmay_strange_pillars
D:8:      layout_cave_pools, zin_statuary
D:9:      layout_rooms, st_stairs_4
D:10:     layout_cave_pools, serial_co_window_serial, co_window_corner_a,
          co_window_of_opportunity_a, co_window_paths_a, co_window_corner_a,
          co_window_paths_a, co_window_corner_a, co_window_corner_a,
          co_window_corner_b, co_window_2corner, co_window_unsneaky_path_e,
          co_window_corner_b, co_window_unsneaky_path_e,
          co_window_of_opportunity_c, co_window_paths_e, glass_columns_a,
          glass_columns_a, glass_columns_a, glass_columns_c, glass_columns_a,
          minmay_bent
D:11:     layout_loops_cross, minmay_lair_entry_grove,
          portal_ice_cave_entry_ice_simulacra, enter_bailey_2
D:12:     layout_loops_ring, uniq_jorgrun
D:13:     layout_loops_ring, david_vaults_3, uniq_josephine, uniq_maurice,
          uniq_frances

Skill      XL: |  1  2  3  4  5  6  7  8  9 10 11 12 13 |
---------------+----------------------------------------+-----
Axes           | 3 4 5 6 8 10 11 12 13 14 | 14.2
Dodging        | 3 4 5 6 |  6.9
Fighting       | 4 5 6 8 |  8.6
Armour         | 4 5 7 8 |  8.5

Action                   |  1- 3 |  4- 6 |  7- 9 | 10-12 | 13-15 || total
-------------------------+-------+-------+-------+-------+-------++-------
Melee: Hand axe          |    89 |   171 |     6 |       |       ||   266
       Battleaxe         |       |       |   329 |   452 |    66 ||   847
Invok: Berserk           |     3 |     4 |    11 |     3 |     5 ||    26
       Trog's Hand       |       |     1 |     3 |     2 |       ||     6
       Brothers in Arms  |       |       |       |     2 |       ||     2
  Use: Scroll            |       |       |       |    23 |     2 ||    25
       Potion            |       |       |       |     4 |     1 ||     5
Armor: Animal skin       |    19 |    39 |    35 |       |       ||    93
       Chain mail        |       |       |   119 |    43 |       ||   162
       Plate armour      |       |       |       |   351 |    32 ||   383
Dodge: Dodged            |    61 |   102 |   164 |   191 |    29 ||   547
